 Dungeon Crawl Stone Soup version 0.21.1-1-g345015f (webtiles) character file.

65 teukkam the Ruffian (level 3, -3/36 HPs)
             Began as a Troll Monk on June 7, 2018.
             Slain by a black bear (12 damage)
             ... on level 3 of the Dungeon.
             The game lasted 00:02:41 (310 turns).

teukkam the Ruffian (Troll Monk)                     Turns: 310, Time: 00:02:42

Health: -3/36      AC:  4    Str: 20    XL:     3   Next: 92%
Magic:  2/2        EV: 10    Int:  6    God:
Gold:   23         SH:  0    Dex: 10    Spells: 2/2 levels left

rFire    + . .     SeeInvis .     - Unarmed
rCold    + . .     Gourm    +   (no shield)
rNeg     . . .     Faith    .   a - +0 robe
rPois    +         Spirit   .   (helmet restricted)
rElec    +         Reflect  .   (no cloak)
rCorr    +         Harm     .   (gloves unavailable)
MR       .....                  (boots unavailable)
Stlth    +.........             (no amulet)
HPRegen  0.52/turn              (no ring)
MPRegen  0.08/turn              (no ring)

@: resistant
A: large, unfitting armour, claws 3, hooves 1, clumsy 1, deformed body, fast
metabolism 3, gourmand, regeneration 1, shaggy fur 1, tough skin 2
a: no special abilities


You were on level 3 of the Dungeon.
You were very full.

You visited 1 branch of the dungeon, and saw 3 of its levels.

You collected 23 gold pieces.

Inventory:

Armour
 a - a +0 robe (worn)
Scrolls
 d - a scroll of identify {unknown}
 e - a scroll of random uselessness {unknown}
 f - a scroll of noise {unknown}
Potions
 h - a potion of might {unknown}
Comestibles
 b - 4 rations


   Skills:
 + Level 2.9 Fighting
 + Level 3.0 Dodging
 + Level 1.2 Stealth
 + Level 3.7 Unarmed Combat


You had 2 spell levels left.
You didn't know any spells.

Dungeon Overview and Level Annotations

Branches:
Dungeon (3/15)

Altars:

Annotations:
D:2 Sigmund


Innate Abilities, Weirdness & Mutations

You are too large for most types of armour.
You have claws for hands.
Your metabolism is lightning-fast.
You like to eat raw meat.
Your natural rate of healing is unusually fast.
You are covered in fur. (AC +1)
You have very tough skin. (AC +2)
You have large cloven feet.
You are clumsy. (Dex -2)
Armour fits poorly on your strangely shaped body.


Message History

The black bear is severely wounded.
You barely miss the black bear.
The black bear is severely wounded.
The black bear goes berserk!
You claw the black bear!
The black bear is almost dead.
The black bear bites you but does no damage.
The black bear misses you. The black bear claws you.
The black bear bites you but does no damage.
The black bear claws you.
* * * LOW HITPOINT WARNING * * *
The black bear claws you but does no damage.
It was a potion of mutation.
You feel extremely strange.
You feel clumsy.
Your body twists and deforms.
Your feet thicken and deform.
The black bear barely misses you. The black bear misses you.
The black bear claws you but does no damage.
It was a potion of resistance.
You feel protected. The black bear bites you!
You die...

###########.###.#
#...........# #.#
#.#.###########.####
#.#.#.)..#.........#
#........#.##......######
###......#.#.......##....
#......#.#.#...))##....
#.##.#...........##....
#....#@#.#.##..........
####.#h#.#. #..........
#.....o# # #..........
#......# #..........
.........# ###........
#......#.# #.........
##.###.#.# #........< ..
###.# #.#####.## . ... #.
#.#


You could see a black bear (berserk) and an orc.

Vanquished Creatures
  An orc priest (D:3)
  An adder (D:2)
  An ooze (D:1)
  A dart slug (D:1)
  2 orcs (D:3)
  A goblin (D:2)
  4 hobgoblins
  2 jackals (D:1)
  3 bats
  A frilled lizard (D:2)
  2 rats (D:1)
19 creatures vanquished.

Notes
Turn   | Place    | Note
-------+----------+-------------------------------------------
     0 | D:1      | teukkam the Troll Monk began the quest for the Orb.
     0 | D:1      | Reached XP level 1. HP: 22/22 MP: 0/0
    56 | D:1      | Reached XP level 2. HP: 29/29 MP: 1/1
   198 | D:2      | Reached XP level 3. HP: 29/36 MP: 2/2
   231 | D:2      | Noticed Sigmund
   295 | D:3      | Noticed a black bear
   309 | D:3      | Gained mutation: You are clumsy. (Dex -2) [potion of mutation]
   309 | D:3      | Gained mutation: Armour fits poorly on your strangely shaped body. [potion of mutation]
   309 | D:3      | Gained mutation: You have large cloven feet. [potion of mutation]
   310 | D:3      | Slain by a black bear

Skill      XL: |  1  2  3 |
---------------+----------+-----
Dodging        | 3 |  3.0
Fighting       | |  2.9
Stealth        | |  1.2
Unarmed Combat | |  3.7

Action                   || total
-------------------------++-------
Melee: Unarmed           ||    75
  Use: Potion            ||     2
 Stab: Sleeping          ||     2
  Eat: Chunk             ||     6
Armor: Robe              ||    46
Dodge: Dodged            ||    47
